AoeStats
← Tomate

Arena

508746097Analyzed
2v2 RM · 10d ago on Sep 23, 2026· 57m 56s· 4 players
Game mode
Random Map
Map size
Medium (4 player)
Population
200
Speed
Normal
Resources
Standard
Victory
Conquest
Starting age
Dark Age
Ending age
Imperial Age
RankedLock teamsTeams togetherTeam positionsShared explorationLock speedFull tech treeHidden civsTurbo modeCheats
Victory
Defeat
🇨🇱 Franks · Chile
935
+16
🇨🇱 Inca · Chile
934
+16
🇧🇷 Danes · Brazil
939
-17
🇧🇷 Varangians · Brazil
915
-15
gb
11:34 Feudal Age
13:15 Double-Bit Axe
16:24 Castle Age
14:27 Stone Mining
14:18 Horse Collar
15:40 Gold Mining
20:25 Wheelbarrow
20:05 Bow Saw
22:01 Scale Mail Armor
25:48 Hand Cart
25:36 Heavy Plow
25:55 Chain Mail Armor
25:53 Hamask
29:31 Forging
33:21 Imperial Age
32:12 Iron Casting
32:51 Squires
32:44 Arson
33:45 Gold Shaft Mining
34:28 Conscription
33:31 Heavy Scorpion
38:58 Onager
39:13 Elite Varangian Guard
42:11 Gambesons
43:27 Plate Mail Armor
44:00 Blast Furnace
43:41 Hoardings
52:14 Pikeman
Mith
5:02 Loom
12:01 Feudal Age
13:20 Stone Mining
15:58 Castle Age
14:20 Double-Bit Axe
14:17 Horse Collar
16:57 Bow Saw
18:44 Gold Mining
19:07 Scale Barding Armor
19:28 Heavy Plow
31:35 Wheelbarrow
31:56 Stone Shaft Mining
31:13 Vendel Legacy
33:27 Chain Barding Armor
33:18 Forging
34:09 Hand Cart
35:52 Iron Casting
35:42 Town Watch
37:15 Fletching
42:06 Imperial Age
40:53 Elite Skirmisher
42:36 Bodkin Arrow
42:42 Padded Archer Armor
43:14 Conscription
42:16 Elite Jarl
43:50 Plate Barding Armor
44:17 Blast Furnace
46:59 Bracer
47:15 Leather Archer Armor
49:03 Ballistics
49:44 Chemistry
49:32 Masonry
49:28 Siege Engineers
49:04 Treadmill Crane
51:38 Ring Archer Armor
53:51 Architecture
54:02 Heated Shot
55:59 Pikeman
56:39 Squires
56:25 Arson
56:28 Halberdier
57:37 Scale Mail Armor
58:35 Chain Mail Armor
nnickk0
10:13 Feudal Age
14:50 Castle Age
12:47 Double-Bit Axe
16:34 Bow Saw
16:41 Stone Mining
17:52 Wheelbarrow
18:49 Pikeman
20:34 Fervor
20:28 Loom
21:06 Squires
23:22 Hand Cart
28:11 Scale Barding Armor
28:10 Scale Mail Armor
28:13 Fletching
28:35 Husbandry
29:58 Masonry
32:36 Imperial Age
30:47 Chain Barding Armor
30:56 Town Watch
33:09 Chain Mail Armor
32:50 Bodkin Arrow
34:34 Chemistry
34:05 Architecture
33:32 Murder Holes
33:19 Treadmill Crane
34:48 Town Patrol
34:46 Cavalier
35:25 Gold Mining
37:42 Plate Barding Armor
40:19 Paladin
43:11 Plate Mail Armor
42:52 Forging
43:44 Gold Shaft Mining
Tomate
11:28 Feudal Age
12:14 Loom
15:27 Castle Age
15:53 Double-Bit Axe
15:50 Horse Collar
17:31 Horse Collar
18:42 Bow Saw
19:31 Heavy Plow
20:14 Wheelbarrow
20:03 Squires
21:27 Gold Mining
22:13 Stone Mining
23:26 Hand Cart
26:27 Gold Shaft Mining
25:30 Crossbowman
26:51 Fletching
30:04 Thumb Ring
34:43 Imperial Age
32:01 Town Watch
34:10 Stone Shaft Mining
33:51 Scale Mail Armor
33:46 Bodkin Arrow
35:58 Elite Kamayuk
37:28 Conscription
37:36 Chain Mail Armor
40:20 Arson
41:34 Ballistics
42:15 Chemistry
41:21 Siege Engineers
40:59 Treadmill Crane
41:49 Forging
41:55 Arbalester
43:17 Crop Rotation
43:51 Bracer
44:27 Iron Casting
44:24 Plate Mail Armor
43:55 Padded Archer Armor
45:33 Caravan
46:08 Murder Holes
47:16 Blast Furnace
49:06 Pikeman
50:35 Fabric Shields
53:00 Halberdier
54:54 Leather Archer Armor
Connection lost

Rejoining the realm…

Still unreachable

The connection could not be restored.

Session expired

The server has moved on; the page needs a fresh start.